cohdb
Replays
Latest Replays
All Replays
Popular Replays
Top Player Replays
Match Explorer
How It Works
Community
CoH3 Stats
Reddit
Sign in to upload your games and track your stats! →
Sign in with Steam
Match 40957111
Unlisted
Match 40957111
Overview
Messages
Build Orders
End
Selects Indian Artillery Battlegroup
Construct Section Command Post
Vickers Machine Gun Team
Dingo Light Scout Car
Royal Engineer Section
Construct Platoon Command Post
Selects War Cry
CMP 15cwt Truck
Selects Towed ML 4.2-inch Heavy Mortar
Towed ML 4.2-inch Heavy Mortar
6-pounder Anti-tank Gun Team
Team Weapon Training
Unlock Bishop Self-propelled Artillery
Selects Gurkha Rifles Section
Gurkha Rifles Section
Selects Off-map Airburst Barrage
Gurkha Rifles Section
6-pounder Anti-tank Gun Team
GATE
PlammX
ljn818
bettipqtv
阿波罗
jack.lee
1738720734
2908027075
0
0
Comments
sign in to comment!
No comments posted yet!